 Seeded DCSS version 0.28-a0-845-gfc338a8e3c (webtiles) character file.

Game seed: 11382100222172520507 (custom seed)

2575 karkarkar the Cleaver (level 9, -1/118 HPs)
             Began as a Minotaur Fighter on Nov 12, 2021.
             Was an Initiate of Okawaru.
             Succumbed to Erica's bolt of poison
             ... on level 7 of the Dungeon.
             The game lasted 00:22:58 (6761 turns).

karkarkar the Cleaver (Minotaur Fighter)            Turns: 6761, Time: 00:22:59

Health: -1/118     AC: 16    Str: 22 (23) XL:     9   Next: 32%
Magic:  8/8        EV:  1    Int:  4 (5)  God:    Okawaru [......]
Gold:   317        SH:  8    Dex: 11 (14) Spells: 8/8 levels left

rFire   + + .      SeeInvis .   a - +4 war axe (freeze)
rCold   + . .      Faith    .   E - +0 kite shield
rNeg    . . .      Spirit   .   i - +2 gold dragon scales
rPois   +          Reflect  .   (helmet restricted)
rElec   +          Harm     .   (no cloak)
rCorr   .          Rampage  .   (no gloves)
Will    .....                   (no boots)
Stlth   ..........              v - amulet of the acrobat
HPRegen 0.29/turn               t - ring of Vyes {Fire rElec Dex+3}
MPRegen 0.11/turn               r - ring of protection from cold

@: berserking, lethally poisoned (-1 -> -5), slowed
A: horns 2, retaliatory headbutt
a: Renounce Religion


You were on level 7 of the Dungeon.
You worshipped Okawaru.
Okawaru was noncommittal.
You visited 2 branches of the dungeon, and saw 9 of its levels.

You collected 317 gold pieces.

Inventory:

Hand Weapons
 a - a +4 war axe of freezing (weapon)
 z - a +0 war axe
Missiles
 n - 13 poisoned darts
 x - 4 atropa-tipped darts
 C - 2 boomerangs (quivered)
Armour
 c - a +0 buckler
 i - +2 gold dragon scales (worn)
 E - a +0 kite shield (worn)
Jewellery
 r - a ring of protection from cold (right hand)
 t - the ring of Vyes (left hand) {Fire rElec Dex+3}
   (You found it on level 4 of the Dungeon)

   [ring of fire]

   It enhances your fire magic.
   Dex:       It affects your dexterity (+3).
   rF:        It protects you from fire.
   rC:        It makes you vulnerable to cold.
   rElec:     It insulates you from electricity.
 v - an amulet of the acrobat (around neck)
Wands
 l - a wand of iceblast (2)
 s - a wand of flame (6)
 w - a wand of mindburst (9)
Scrolls
 b - a scroll of magic mapping
 e - 2 scrolls of vulnerability
 f - a scroll of immolation
 h - 3 scrolls of fog
 y - 2 scrolls of brand weapon
 D - a scroll of enchant weapon {unknown}
Potions
 d - a potion of might
 g - a potion of heal wounds {unknown}
 j - 3 potions of flight
 k - a potion of degeneration
 m - a potion of brilliance {unknown}
 o - a potion of attraction {unknown}
 p - a potion of invisibility {unknown}
 u - a potion of magic {unknown}
 F - a potion of berserk rage


   Skills:
 + Level 7.0 Fighting
 + Level 10.7 Axes
 - Level 3.9 Throwing
 - Level 4.8 Armour
 * Level 4.7 Shields
 * Level 4.6 Evocations


You had 8 spell levels left.
You didn't know any spells.
Your spell library contained the following spells:

 Spells                   Type           Power      Damage    Failure   Level
 Beastly Appendage        Tmut           0%         N/A       100%        1
 Freeze                   Ice            0%         1d3       100%        1
 Blink                    Tloc           0%         N/A       100%        2
 Corpse Rot               Necr/Air       0%         N/A       100%        2
 Static Discharge         Conj/Air       0%         N/A       100%        2
 Wereblood                Tmut           0%         N/A       100%        2
 Frozen Ramparts          Ice            0%         1d2       100%        3
 Lesser Beckoning         Tloc           0%         N/A       100%        3
 Spider Form              Tmut/Pois      0%         N/A       100%        3
 Stone Arrow              Conj/Erth      0%         3d7       100%        3
 Dispel Undead            Necr           0%         3d6       100%        4
 Hailstorm                Conj/Ice       0%         3d3       100%        4
 Sticky Flame             Conj/Fire      0%         2d3       100%        4
 Manifold Assault         Tloc           0%         N/A       100%        5
 Lehudib's Crystal Spear  Conj/Erth      0%         10d2      100%        8
 Animate Armour           Summ/Erth      Unusable   N/A       N/A         4
 Death Channel            Necr           Unusable   N/A       N/A         6

Dungeon Overview and Level Annotations

Branches:
Dungeon (8/15)             Temple (1/1) D:7
   Lair: D:8-11

Altars:
Ashenzari
Elyvilon
Kikubaaqudgha
Okawaru
Qazlal
Ru
Uskayaw
Wu Jian
Xom
Yredelemnul
Zin

Shops:
D:6 (

Annotations:
D:7 Erica
D:8 Psyche


Innate Abilities, Weirdness & Mutations

You have a pair of horns on your head.
You reflexively headbutt those who attack you in melee.


Message History

* * * LOW HITPOINT WARNING * * *
You climb upwards.
Reactivating autopickup.
* * * LOW HITPOINT WARNING * * *
You feel very sick.
There is a stone staircase leading down here.
You feel better. Something hits you.
* * * LOW HITPOINT WARNING * * *
Deactivating autopickup; reactivate with Ctrl-A.
You hear some strange, mumbled words.
A bolt of poison appears from out of thin air!
The bolt of poison hits you. You resist.
* * * LOW HITPOINT WARNING * * *
Okay, then.
Okay, then.
You feel better.
You hear some strange, mumbled words.
A bolt of poison appears from out of thin air!
The bolt of poison hits you but does no damage.
You are poisoned.
You resist.
It was a potion of degeneration.
There was something very wrong with that liquid.
You feel weakened.
You feel dopey.
You feel clumsy.
* * * LOW HITPOINT WARNING * * *
You feel very sick. Something hits you but does no damage. Something hits you.
* * * LOW HITPOINT WARNING * * *
It was a potion of berserk rage.
A red film seems to cover your vision as you go berserk!
You feel yourself moving faster!
You feel mighty!
* * * LOW HITPOINT WARNING * * *
You feel very sick. Something hits you but does no damage.
You miss something.
* * * LOW HITPOINT WARNING * * *
You feel sick. Something hits you.
* * * LOW HITPOINT WARNING * * *
You barely miss something. You headbutt something!
You die...

#.....# #.# #.###.# #.# ##
###.###.#####.# #.
#..........##.# #.
#..........##.# #.
#..........##.# #.
#.............# #.
##..........#####################
.............#.{@.........(......
##...........#.#################.
#...........#.# #.
#........)..#.#################.
#...........#...................
###########.###################.
#..)......).........#.
####...############.## ########
#...# #.......##...


There were no monsters in sight!

Vanquished Creatures
  A hornet (D:7)
  A black bear (D:7)
  3 sky beasts
  3 necrophages
  3 ice beasts
  An ogre (D:5)
  A centaur (D:5)
  A phantom (D:4)
  A bullfrog (D:6)
  4 scorpions
  A wyvern skeleton (D:7)
  7 wights (D:7)
  3 howler monkeys
  3 jellies
  2 gnoll shamans
  A bullfrog zombie (D:5)
  A hound (D:5)
  Ijyb (D:3)
  A killer bee zombie (D:7)
  Robin (D:2)
  7 gnolls
  A howler monkey skeleton (D:5)
  6 adders
  2 white imps (D:7)
  An adder zombie (D:4)
  5 worms
  2 dart slugs (D:1)
  9 orcs
  3 bats
  An endoplasm (D:1)
  3 giant cockroaches
  16 goblins
  7 hobgoblins
  3 jackals (D:1)
  5 quokkas
  8 ball pythons
  6 frilled lizards
  6 kobolds
  A quokka skeleton (D:4)
  10 rats
142 creatures vanquished.

Vanquished Creatures (others)
  2 orcs (D:3)
  18 fungi (D:7)
  A plant (D:3)
21 creatures vanquished.

Grand Total: 163 creatures vanquished

Notes
Turn   | Place    | Note
-------+----------+-------------------------------------------
     0 | D:1      | karkarkar the Minotaur Fighter began the quest for the Orb.
     0 | D:1      | Reached XP level 1. HP: 19/19 MP: 0/0
   159 | D:1      | Reached XP level 2. HP: 27/27 MP: 1/1
   270 | D:1      | Found a faded altar of an unknown god.
   542 | D:1      | Reached skill level 3 in Axes
   608 | D:1      | Reached XP level 3. HP: 26/33 MP: 2/2
  1410 | D:2      | Noticed Robin
  1425 | D:2      | Killed Robin
  1426 | D:2      | Reached XP level 4. HP: 12/41 MP: 3/3
  1920 | D:3      | Noticed Ijyb
  1969 | D:3      | Killed Ijyb
  1970 | D:3      | Reached skill level 4 in Axes
  2369 | D:3      | Reached XP level 5. HP: 47/47 MP: 4/4
  2883 | D:3      | Upgraded the game from 0.28-a0-834-g1a73be5ee4 to
                  | 0.28-a0-845-gfc338a8e3c
  2950 | D:4      | Reached skill level 5 in Axes
  3388 | D:4      | Noticed a phantom
  3405 | D:4      | Killed a phantom
  3406 | D:4      | Reached skill level 1 in Throwing
  3406 | D:4      | Reached skill level 1 in Evocations
  3406 | D:4      | Reached XP level 6. HP: 54/55 MP: 5/5
  3643 | D:4      | Identified the ring of Vyes {Fire rElec Dex+3}
  3678 | D:4      | Reached skill level 5 in Fighting
  3747 | D:5      | Entered Level 5 of the Dungeon
  3774 | D:5      | Reached skill level 6 in Axes
  3866 | D:5      | Reached XP level 7. HP: 60/61 MP: 6/6
  4222 | D:5      | Reached skill level 7 in Axes
  4467 | D:5      | Reached XP level 8. HP: 62/70 MP: 7/7
  4590 | D:6      | Reached skill level 8 in Axes
  4661 | D:6      | Found Wigrecvy's Weapon Boutique.
  5154 | D:6      | Reached skill level 9 in Axes
  5496 | D:7      | Noticed a hornet
  5505 | D:7      | Killed a hornet
  5515 | D:7      | Reached skill level 10 in Axes
  5515 | D:7      | Reached XP level 9. HP: 52/78 MP: 8/8
  5685 | D:7      | Found a hide-covered altar of Uskayaw.
  5689 | D:7      | Found a stormy altar of Qazlal.
  5728 | D:7      | Found a staircase to the Ecumenical Temple.
  5833 | Temple   | Entered the Ecumenical Temple
  5864 | Temple   | Became a worshipper of Warmaster Okawaru
  6135 | D:7      | Found a sacrificial altar of Ru.
  6641 | D:8      | Noticed Psyche
  6731 | D:8      | Noticed Erica
  6755 | D:7      | HP: 2/79 [poisoned by Erica (bolt of poison)]
  6760 | D:7      | HP: 4/118 [poisoned by Erica (bolt of poison)]
  6760 | D:7      | HP: 1/118 [something (3)]
  6761 | D:7      | Succumbed to Erica's bolt of poison

Illustrated notes

Levels and vault maps discovered:
D:1:      ebering_trefoil_twist, layout_loops_ring,
          hellmonk_ecumenical_altar_blasted, minmay_pentomino_s2
D:2:      layout_loops_cross, uniq_robin
D:3:      layout_loops_cross, hangedman_glass_teeth, minmay_parallelograms,
          corexii_shack, uniq_ijyb
D:4:      layout_basic, kennysheep_generic_room_16
D:5:      layout_basic
D:6:      layout_rooms, serial_corexii_hall, chequers_hall_statues_y,
          corexii_hall_statues_l, serial_shops, nicolae_square_shop
D:7:      layout_basic, grunt_temple_overflow_open,
          mainiacjoe_overflow_chevrons, minmay_temple_entry_slanted
D:8:      cheibrodos_frozen_isle, layout_loops_ring,
          hangedman_decor_diamond_cutter, uniq_psyche, uniq_erica
Temple:   regret_index_temple_mists

Skill      XL: |  1  2  3  4  5  6  7  8  9 |
---------------+----------------------------+-----
Shields        | 4 |  4.7
Fighting       | 4 5 6 7 |  7.0
Axes           | 3 4 5 6 7 10 | 10.7
Armour         | 4 |  4.8
Throwing       | 1 2 3 |  3.9
Evocations     | 1 2 3 4 |  4.6

Action                   |  1- 3 |  4- 6 |  7- 9 || total
-------------------------+-------+-------+-------++-------
Melee: War axe           |    92 |   138 |   119 ||   349
       Headbutt          |    14 |    20 |    32 ||    66
Throw: Dart              |       |    29 |    13 ||    42
       Javelin           |       |       |    10 ||    10
       Boomerang         |       |       |     1 ||     1
Evoke: Wand              |       |     3 |    15 ||    18
  Use: Scroll            |       |     9 |     5 ||    14
       Potion            |       |       |     6 ||     6
Armor: Scale mail        |    33 |       |       ||    33
       Gold dragon scale |    22 |    92 |    66 ||   180
Dodge: Dodged            |    35 |    27 |    27 ||    89
Block: Buckler           |    25 |    34 |    11 ||    70
       Kite shield       |       |       |     7 ||     7

Table legend: (Time is in decaauts)
 A = Elapsed time spent in this place.
 B = Non-inter-level travel time spent in this place.
 C = Inter-level travel time spent in this place.
 D = Time resting spent in this place.
 E = Time spent auto-exploring this place.
 F = Levels seen in this place.
 G = Mean time per level.
                   A        B        C        D        E       F      G
               +--------+--------+--------+--------+--------+-----+--------+
         Total |   6870 |   6579 |    291 |   1072 |   4204 |   9 |  763.3 |
       Dungeon |   6802 |   6539 |    263 |   1072 |   4183 |   8 |  850.2 |
        Temple |     67 |     40 |     27 |      0 |     21 |   1 |   67.0 |
               +--------+--------+--------+--------+--------+-----+--------+

Top non-repeatable levels by time:
     D:3: 1222 daAuts
     D:7: 1212 daAuts
     D:2: 1142 daAuts
     D:6: 883 daAuts
     D:1: 854 daAuts
     D:5: 840 daAuts
     D:4: 598 daAuts
  Temple: 67 daAuts
     D:8: 47 daAuts
